 Dungeon Crawl Stone Soup version 0.16.0-8-gd9ae3a8 (webtiles) character file.

21 RobertPalmer the Caller (level 2, -2/17 HPs)
             Began as an Octopode Summoner on Mar 16, 2015.
             Slain by a giant gecko (3 damage)
             ... on level 1 of the Dungeon.
             The game lasted 00:01:44 (1208 turns).

RobertPalmer the Caller (Octopode Summoner)         Turns: 1208, Time: 00:01:44

Health: -2/17      AC:  1    Str:  7    XL:     2   Next: 87%
Magic:  4/5        EV: 12    Int: 17    God:
Gold:   37         SH:  0    Dex: 12    Spells: 1 memorised, 5 levels left

rFire  . . .     SeeInvis .     a - +0 hand axe
rCold  . . .     Clarity  .     (no shield)
rNeg   . . .     SustAb   .     (helmet restricted)
rPois  .         Gourm    .     (no amulet)
rElec  .         Spirit   .     (no ring)
rCorr  .         Warding  .     (no ring)
rMut   .         Stasis   .     (no ring)
MR     .....                    (no ring)
Stlth  +++.......               (no ring)
                                (no ring)
                                (no ring)
                                (no ring)

@: not resistant to hostile enchantments, fairly stealthy
A: almost no armour, amphibious, 8 rings, constrict 8, camouflage 1, gelatinous
body 1
a: no special abilities


You were on level 1 of the Dungeon.
You were not hungry.

You visited 1 branch of the dungeon, and saw 1 of its levels.

You collected 37 gold pieces.

Inventory:

Hand weapons
 a - a +0 hand axe (weapon)
   (You found it on level 1 of the Dungeon)
Missiles
 i - 7 javelins (quivered)
Jewellery
 d - a cursed -3 ring of protection {unknown}
   (You found it on level 1 of the Dungeon)
 e - an uncursed ring of protection from fire {unknown}
   (You found it on level 1 of the Dungeon)
Scrolls
 f - a scroll of fear {unknown}
 g - a scroll of remove curse {unknown}
Books
 b - a book of Callings
Comestibles
 c - 2 bread rations
 j - a chunk of flesh
 k - a meat ration


   Skills:
 + Level 2.2 Dodging
 + Level 3.2 Stealth
 + Level 2.5 Spellcasting
 + Level 4.1 Summonings


You had 5 spell levels left.
You knew the following spells:

 Your Spells              Type           Power        Failure   Level  Hunger
a - Summon Small Mammal   Summ           ###.         3%          1    #......


Dungeon Overview and Level Annotations

Branches:
Dungeon (1/15)

Altars:


Innate Abilities, Weirdness & Mutations

You cannot wear most types of armour.
You are amphibious.
You can wear up to eight rings at the same time.
You can use your tentacles to constrict many enemies at once.
Your skin changes colour to match your surroundings (Stealth).
Your rubbery body absorbs attacks (AC +1).


Message History

A kobold is nearby!
You barely miss the kobold.
The kobold shouts!
Your grab misses the kobold. You squeeze the kobold.
You kill the kobold!
You start resting.
All of the chunks of flesh in your inventory have rotted away.
There is an open door here.
There is an open door here.
There is a stone staircase leading down here.
f - a scroll labeled DOMUPI GRONLEN A giant newt comes into view.
There is an open door here.
A giant newt is nearby!
A giant newt is nearby!
You barely miss the giant newt. Your grab misses the giant newt.
The giant newt closely misses you.
You miss the giant newt. You grab the giant newt. You constrict the giant newt.
The giant newt misses you. The giant newt closely misses you.
You hit the giant newt.
You kill the giant newt!
You now have 37 gold pieces (gained 13).
h - a coppery potion A giant newt comes into view.
You see here 7 javelins.
i - 7 javelins A bat comes into view.
You see here a giant newt corpse.
Throwing (i - inventory):
i - 7 javelins (quivered)
Press: ? - help, Shift-Dir - straight line, f - bat
Aim: a bat You throw a javelin.
The javelin completely misses the bat.
You miss the bat. Your grab misses the bat. The bat barely misses you.
The bat hits you but does no damage. The bat closely misses you.
You barely miss the bat. You grab the bat. You squeeze the bat.
You kill the bat!
Throwing (i - inventory):
i - 6 javelins (quivered)
Press: ? - help, Shift-Dir - straight line, f - giant newt
Aim: a giant newt You throw a javelin.
The javelin hits the giant newt.
The giant newt is moderately wounded.
You barely miss the giant newt. You grab the giant newt.
The giant newt is moderately wounded.
You constrict the giant newt.
You kill the giant newt!
i - 6 javelins (gained 1)
You see here a giant newt corpse.
You butcher the giant newt corpse.
j - a chunk of flesh You see here a giant newt skeleton.
You see here a bat corpse.
You butcher the bat corpse.
j - 2 chunks of flesh (gained 1)
A kobold comes into view. It is wielding a short sword.
You see here a javelin.
You see here a javelin.
i - 7 javelins (gained 1)
The kobold shouts!
You hit the kobold!
You kill the kobold!
You are feeling hungry.
Things that are here:
a short sword; a kobold corpse
k - a meat ration Eating one of 2 chunks of flesh.
This raw flesh tastes terrible.
You continue eating. x2
You open the door.
There is an open door here.
You enter a teleport trap!
The teleport trap disappears.
Your surroundings suddenly seem different.
A rat comes into view.
A rat is nearby!
A rat is nearby!
A rat is nearby!
Throwing (i - inventory):
i - 7 javelins (quivered)
Press: ? - help, Shift-Dir - straight line, f - rat
Aim: a rat (resting)
You throw a javelin. The javelin hits the rat!
You kill the rat!
No target in view!
i - 7 javelins (gained 1)
Found a stone staircase leading down.
You found a teleport trap!
There is a stone staircase leading down here.
A giant gecko comes into view.
A giant gecko is nearby!
The giant gecko bites you. x2
You closely miss the giant gecko. Your grab misses the giant gecko.
The giant gecko bites you.
* * * LOW HITPOINT WARNING * * *
You barely miss the giant gecko. Your grab misses the giant gecko.
The giant gecko closely misses you. The giant gecko barely misses you.
Casting: Summon Small Mammal
Confirm with . or Enter, or press ? or * to list all spells.
The giant gecko bites you.
* * * LOW HITPOINT WARNING * * *
Drink which item? (? for menu, Esc to quit)
It was a potion of cure mutation.
It has a very clean taste.
The giant gecko bites you.
You die...

### ### ### ########.# #.. ..#
#........# #.# #.# #.######.# ##
#.# #.# #.#......# .# #.#
#.####.#..#.#.# .#
#.#####..l@.....#.#.# .#
#.........##....#.#.# .#
#........r##....#.#.### ##
##.#########..........#
#.#.......)..#.#.#.#.#####
########.#.######...#.#.#.#...#..
.........#.######...#.#.#.###.#.#
.................................
.............####...#.#.#.###...#


You could see a giant gecko and a friendly quokka.

Vanquished Creatures
  2 bats (D:1)
  2 goblins (D:1)
  5 hobgoblins (D:1)
  4 giant newts (D:1)
  5 kobolds (D:1)
  3 rats (D:1)
21 creatures vanquished.

Vanquished Creatures (collateral kills)
  A hobgoblin (D:1)
  A goblin (D:1)
2 creatures vanquished.

Vanquished Creatures (others)
  A bat (D:1)
1 creature vanquished.

Grand Total: 24 creatures vanquished

Notes
Turn   | Place    | Note
--------------------------------------------------------------
     0 | D:1      | RobertPalmer, the Octopode Summoner, began the quest for the Orb.
     0 | D:1      | Reached XP level 1. HP: 11/11 MP: 3/3
    89 | D:1      | Reached skill level 3 in Stealth
   171 | D:1      | Reached XP level 2. HP: 13/17 MP: 4/4
   736 | D:1      | HP: 2/17 [kobold/mace (4)]
  1203 | D:1      | HP: 4/17 [giant gecko (4)]
  1207 | D:1      | HP: 1/17 [giant gecko (3)]
  1208 | D:1      | Slain by a giant gecko

Action                   || total
-------------------------++-------
Melee: Hand axe          ||    38
Throw: Javelin           ||     3
 Cast: Summon Small Mamm ||     8
  Use: Potion            ||     1
 Stab: Sleeping          ||     1
  Eat: Chunk             ||     1

Vault maps used:
D:1:      tarquinn_simple_flora_water_e

Table legend:
 A = Turns spent in this place as a percentage of turns spent in the entire game.
 B = Non-inter-level travel turns spent in this place as a percentage of non-inter-level travel turns spent in the entire game.
 C = Inter-level travel turns spent in this place as a percentage of turns spent in this place.
 D = Turns resting spent in this place as a percentage of non-inter-level travel turns spent in this place.
 E = Turns spent auto-exploring this place as a percentage of non-inter-level travel turns spent in this place.
 F = Non-inter-level travel turns spent in this place divided by the number of levels of this place that you've seen.
                   A       B       C       D       E      F
               +-------+-------+-------+-------+-------+----------------------
         Total | 100.0 | 100.0 |   0.0 |   3.4 |   5.5 | 328.0
       Dungeon | 100.0 | 100.0 |   0.0 |   3.4 |   5.5 | 328.0
               +-------+-------+-------+-------+-------+----------------------

Table legend:
 A = Kills in this place as a percentage of kills in entire the game.
 B = Kills by you in this place as a percentage of kills by you in the entire game.
 C = Kills by friends in this place as a percentage of kills by friends in the entire game.
 D = Other kills in this place as a percentage of other kills in the entire game.
 E = Experience gained in this place as a percentage of experience gained in the entire game.
 F = Experience gained in this place divided by the number of levels of this place that you have seen.
                   A       B       C       D       E      F
               +-------+-------+-------+-------+-------+----------------------
         Total | 100.0 | 100.0 | 100.0 |  -nan | 100.0 |  31.0
       Dungeon | 100.0 | 100.0 | 100.0 |  -nan | 100.0 |  31.0
               +-------+-------+-------+-------+-------+----------------------
